 Dungeon Sprint DCSS version 0.20.1-1-g8b1a95d (webtiles) character file.

427 potatolord6000 the Thaumaturge (level 6, -4/32 HPs)
             Began as a Deep Elf Summoner on Aug 30, 2017.
             Was an Elder of Sif Muna.
             Killed from afar by a deep elf mage (28 damage)
             ... with a bolt of fire
             ... in the Dungeon (Sprint VII: "The Pits").
             The game lasted 00:07:41 (1098 turns).

potatolord6000 the Thaumaturge (Deep Elf Summoner)  Turns: 1098, Time: 00:07:42

Health: -4/32      AC:  2    Str:  5    XL:     6   Next: 65%
Magic:  1/20       EV: 17    Int: 22    God:    Sif Muna [****..]
Gold:   0          SH:  0    Dex: 15    Spells: 12/23 levels left

rFire    . . .     SeeInvis .   p - staff of energy
rCold    . . .     Gourm    .   (no shield)
rNeg     . . .     Faith    .   a - +0 robe
rPois    .         Spirit   .   (no helmet)
rElec    .         Reflect  .   (no cloak)
rCorr    .         Harm     .   (no gloves)
MR       .....     NoTele   +   (no boots)
Stlth    ++........             (no amulet)
Regen    0.1/turn               (no ring)
MPRegen  0.2/turn               (no ring)

@: very slightly contaminated, hasted, invisible, very quick
A: no striking features
a: Divine Energy, Channel Magic, Forget Spell, Renounce Religion


You were in the Dungeon.
You worshipped Sif Muna.
Sif Muna was greatly pleased with you.
You were full.

You visited 1 branch

Inventory:

Armour
 a - a +0 robe (worn)
Magical Staves
 p - an uncursed staff of energy (weapon)
Scrolls
 i - a scroll of blinking
 k - 3 scrolls of remove curse
 l - 5 scrolls of amnesia
 m - a scroll of summoning
Potions
 d - 4 potions of curing
 g - 2 potions of magic
 h - 3 potions of berserk rage
Books
 b - a book of Callings

   Spells                             Type                      Level
   a - Summon Small Mammal            Summoning                    1
   b - Call Imp                       Summoning                    2
   c - Call Canine Familiar           Summoning                    3
   d - Summon Guardian Golem          Hexes/Summoning              3
   e - Summon Lightning Spire         Summoning/Air                4
   f - Summon Ice Beast               Ice/Summoning                4
Comestibles
 c - 8 bread rations
 n - 40 fruits
 o - 6 meat rations


   Skills:
 + Level 6.1 Staves
 + Level 7.9 Dodging
 - Level 2.4 Stealth
 + Level 9.1 Spellcasting
 + Level 8.4 Summonings
 + Level 6.8 Evocations


You had 12 spell levels left.
You knew the following spells:

 Your Spells              Type           Power        Failure   Level  Hunger
a - Summon Small Mammal   Summ           ####         1%          1    None
b - Call Canine Familiar  Summ           #####...     1%          3    None
c - Summon Ice Beast      Ice/Summ       ####....     12%         4    None
d - Summon Guardian Gole  Hex/Summ       ####....     3%          3    None


Dungeon Overview and Level Annotations

Branches:
Dungeon (1/1)

Altars:
Ashenzari
Cheibriados
Dithmenos
Elyvilon
Fedhas
Gozag
Hepliaklqana
Kikubaaqudgha
Makhleb
Nemelex Xobeh
Okawaru
Qazlal
Ru
Sif Muna
Trog
Uskayaw
Vehumet
Xom
Yredelemnul
Zin
The Shining One
Beogh
Jiyva
Lugonu


Message History

You hit the deep elf mage but do no damage.
The deep elf mage is severely wounded.
Your ice beast hits the deep elf mage but does no damage.
Unknown command.
Unknown command.
Casting: Summon Ice Beast
Confirm with . or Enter, or press ? or * to list all spells.
You don't have enough magic to cast that spell.
You channel some magical energy.
You feel slightly less full.
Casting: Summon Ice Beast
Confirm with . or Enter, or press ? or * to list all spells.
A chill wind blows around you.
Your ice beast closely misses the fire elemental.
The fire elemental completely misses you. x2
Your ice beast hits the fire elemental but does no damage.
The fire elemental completely misses you.
The deep elf mage gestures at you while chanting.
The bolt of fire hits you!
Ouch! That really hurt!
You die...

#.#..)..#))#####+#####+
#)#..####))##.......#
#.#..#..#))##.......#
#.#.)#..#..##.......#
#.##†#..#'###...<...#
#.#........##.......#
#.#........##.......#
#'###########.......#
#.....@Y#.. #########
#.###eE.#.# #.#..§EY#g#
#.#..§#)#M# #.....#.#.+
#...###.#'# #.......')#
###########


You could see a deep elf mage, 2 fire elementals and 2 friendly ice beasts.

Vanquished Creatures
  An orc (D)
1 creature vanquished.

Vanquished Creatures (collateral kills)
  Sigmund (D)
  Menkaure (D)
  2 orc warriors (D)
  An ice beast (D)
  A bullfrog (D)
  A gnoll sergeant (D)
  2 hounds (D)
  An orc priest (D)
  An orc wizard (D)
  A river rat (D)
  2 adders (D)
  An ufetubus (D)
  An ooze (D)
  2 orcs (D)
  2 goblins (D)
  A hobgoblin (D)
  A quokka zombie (D)
  2 rats (D)
24 creatures vanquished.

Vanquished Creatures (others)
  A hungry ghost (D)
1 creature vanquished.

Grand Total: 26 creatures vanquished

Notes
Turn   | Place    | Note
-------+----------+-------------------------------------------
     0 | D        | potatolord6000 the Deep Elf Summoner began the quest for the Orb.
     0 | D        | Reached XP level 1. HP: 10/10 MP: 6/6
    50 | D        | Found a bloodstained altar of Trog.
    50 | D        | Found a deep blue altar of Sif Muna.
    50 | D        | Found a viscous altar of Jiyva.
    50 | D        | Found a hazy altar of Hepliaklqana.
    50 | D        | Found an opulent altar of Gozag.
    51 | D        | Found a glowing golden altar of the Shining One.
    51 | D        | Found a glowing silver altar of Zin.
    51 | D        | Found a basalt altar of Yredelemnul.
    51 | D        | Found a shimmering altar of Xom.
    51 | D        | Found a sacrificial altar of Ru.
    51 | D        | Found a stormy altar of Qazlal.
    51 | D        | Found an iron altar of Okawaru.
    51 | D        | Found a sparkling altar of Nemelex Xobeh.
    51 | D        | Found a burning altar of Makhleb.
    51 | D        | Found a blossoming altar of Fedhas.
    51 | D        | Found a white marble altar of Elyvilon.
    51 | D        | Found a shadowy altar of Dithmenos.
    51 | D        | Found a snail-covered altar of Cheibriados.
    54 | D        | Found a corrupted altar of Lugonu.
    54 | D        | Found a radiant altar of Vehumet.
    54 | D        | Found a roughly hewn altar of Beogh.
    55 | D        | Found an ancient bone altar of Kikubaaqudgha.
    55 | D        | Found a hide-covered altar of Uskayaw.
    55 | D        | Found a shattered altar of Ashenzari.
    56 | D        | Became a worshipper of Sif Muna the Loreminder
    84 | D        | Reached skill level 1 in Staves
    84 | D        | Reached skill level 1 in Evocations
   243 | D        | Reached skill level 4 in Spellcasting
   243 | D        | Reached skill level 5 in Summonings
   243 | D        | Reached XP level 2. HP: 15/15 MP: 0/9
   253 | D        | Reached * piety under Sif Muna
   337 | D        | Noticed Sigmund
   360 | D        | Killed Sigmund
   360 | D        | Reached ** piety under Sif Muna
   360 | D        | Reached skill level 5 in Dodging
   360 | D        | Reached skill level 6 in Spellcasting
   360 | D        | Reached XP level 3. HP: 18/19 MP: 1/12
   360 | D        | Reached XP level 4. HP: 22/24 MP: 1/14
   466 | D        | Learned a level 3 spell: Call Canine Familiar
   471 | D        | Learned a level 4 spell: Summon Ice Beast
   475 | D        | Learned a level 3 spell: Summon Guardian Golem
   493 | D        | Noticed a bullfrog
   499 | D        | Noticed a hungry ghost
   505 | D        | Noticed an ice beast
   506 | D        | Killed a bullfrog
   507 | D        | Noticed an orc warrior
   510 | D        | Killed a hungry ghost
   546 | D        | Noticed an orc warrior
   569 | D        | Killed an ice beast
   569 | D        | Reached skill level 7 in Spellcasting
   569 | D        | Reached skill level 5 in Evocations
   569 | D        | Reached XP level 5. HP: 28/28 MP: 8/16
   605 | D        | Killed an orc warrior
   605 | D        | Reached skill level 5 in Staves
   622 | D        | Reached *** piety under Sif Muna
   637 | D        | Killed an orc warrior
   637 | D        | Reached skill level 8 in Spellcasting
   637 | D        | Reached XP level 6. HP: 16/32 MP: 6/19
   890 | D        | Reached **** piety under Sif Muna
  1035 | D        | Noticed Menkaure
  1035 | D        | Noticed a deep elf mage
  1080 | D        | Noticed a fire elemental
  1085 | D        | Killed Menkaure
  1085 | D        | Reached skill level 9 in Spellcasting
  1094 | D        | Noticed a fire elemental
  1098 | D        | Killed from afar by a deep elf mage

Skill      XL: |  1  2  3  4  5  6 |
---------------+-------------------+-----
Staves         | 1 3 4 5 6 |  6.1
Dodging        | 3 5 6 7 |  7.9
Evocations     | 1 3 5 6 |  6.8
Spellcasting   | 4 6 7 8 9 |  9.1
Summonings     | 5 6 7 8 |  8.4
Stealth        | |  2.4

Action                   |  1- 3 |  4- 6 || total
-------------------------+-------+-------++-------
Melee: Staff             |       |    38 ||    38
 Cast: Summon Small Mamm |    28 |       ||    28
       Summon Guardian G |       |     9 ||     9
       Call Canine Famil |       |     6 ||     6
       Summon Ice Beast  |       |    16 ||    16
Evoke: Staff of energy   |       |     7 ||     7
  Use: Potion            |       |    13 ||    13
 Stab: Invisible         |       |     2 ||     2
       Distracted        |       |     1 ||     1
  Eat: Meat ration       |       |     1 ||     1
Armor: Robe              |       |     4 ||     4
Dodge: Dodged            |     3 |    42 ||    45
